 Dungeon Crawl Stone Soup version 0.24-a0-474-g47c397e050 (webtiles) character file.

Game seed: 586397953686918840

46 Peloso the Skirmisher (level 3, -1/33 HPs)
             Began as a Minotaur Fighter on July 5, 2019.
             Slain by Sigmund
             ... wielding a +0 scythe
              (8 damage)
             ... on level 2 of the Dungeon.
             The game lasted 00:01:27 (828 turns).

Peloso the Skirmisher (Minotaur Fighter)             Turns: 828, Time: 00:01:28

Health: -1/33      AC:  7    Str: 25    XL:     3   Next: 46%
Magic:  2/2        EV:  7    Int:  5    God:
Gold:   174        SH: 10    Dex: 10    Spells: 2/2 levels left

rFire    + . .     SeeInvis .   a - +0 long sword
rCold    + . .     Gourm    .   c - +0 shield
rNeg     . . .     Faith    .   b - +0 scale mail
rPois    .         Spirit   .   (helmet restricted)
rElec    .         Reflect  .   l - scarf {rC+ rF+}
rCorr    .         Harm     .   (no gloves)
MR       .....                  (no boots)
Stlth    ..........             i - amulet of the acrobat
HPRegen  0.11/turn              (no ring)
MPRegen  0.08/turn              (no ring)

@: mighty
A: retaliatory headbutt, horns 2
a: no special abilities


You were on level 2 of the Dungeon.
You were not hungry.

You visited 1 branch of the dungeon, and saw 2 of its levels.

You collected 174 gold pieces.

Inventory:

Hand Weapons
 a - a +0 long sword (weapon)
Armour
 b - a +0 scale mail (worn)
 c - a +0 shield (worn)
 l - a scarf of resistance (worn)
Jewellery
 i - an amulet of the acrobat (around neck)
Scrolls
 e - 2 scrolls of teleportation {unknown}
 g - a scroll of magic mapping {unknown}
 k - a scroll of identify {unknown}
Potions
 h - a potion of agility {unknown}
 j - a potion of resistance {unknown}
Comestibles
 f - 3 rations


   Skills:
 + Level 4.2 Fighting
 + Level 3.0 Long Blades
 + Level 4.2 Armour
 + Level 0.4 Stealth
 + Level 4.0 Shields


You had 2 spell levels left.
You didn't know any spells.
Your spell library was empty.

Dungeon Overview and Level Annotations

Branches:
Dungeon (2/15)

Altars:
The Shining One

Annotations:
D:2 Robin, Sigmund


Innate Abilities, Weirdness & Mutations

You reflexively headbutt those who attack you in melee.
You have a pair of horns on your head.


Message History

Items here: ( ))) † a cursed +0 dagger; a +0 dagger; a +2 hunting sling of flaming; 9 stones a goblin corpse You see here a +0 dagger.
You hear some strange, mumbled words.
Something tries to affect you, but you resist.
You feel very mighty all of a sudden. Something completely misses you.
Your scale mail prevents you from hitting something.
Something hits you!
Your scale mail prevents you from hitting something.
Something hits you.
* * * LOW HITPOINT WARNING * * *
You closely miss something. You headbutt something.
Robin throws the goblin at you! The goblin hits you with a +0 dagger.
* * * LOW HITPOINT WARNING * * *
Something hits you but does no damage.
You slash something! You headbutt something! You block the goblin's attack.
The goblin hits you but does no damage. Something hits you!
You die... .g....## gg......

#g.... #..g
######g# #gg)g..##
#g####.†#
#{#####.# ######
#@#.....#####.....
#g#........##.....
#.#..##....##.....
#.#..#.....##.....
#......_..........
####.....#..#####.
#....##..#...#.
#........#...#.
####.†...#...#.


You could see Robin and 3 goblins.

Vanquished Creatures
  An adder (D:2)
  2 leopard geckos (D:2)
  3 giant cockroaches
  7 goblins
  3 hobgoblins
  2 quokkas (D:2)
  4 bats
  2 frilled lizards (D:2)
  3 kobolds (D:1)
  5 rats
32 creatures vanquished.

Vanquished Creatures (others)
  5 toadstools (D:1)
5 creatures vanquished.

Grand Total: 37 creatures vanquished

Notes
Turn   | Place    | Note
-------+----------+-------------------------------------------
     0 | D:1      | Peloso the Minotaur Fighter began the quest for the Orb.
     0 | D:1      | Reached XP level 1. HP: 19/19 MP: 0/0
   106 | D:1      | Reached XP level 2. HP: 23/27 MP: 1/1
   697 | D:2      | Reached XP level 3. HP: 23/33 MP: 2/2
   780 | D:2      | Found a glowing golden altar of the Shining One.
   802 | D:2      | Noticed Robin
   802 | D:2      | Noticed Sigmund
   828 | D:2      | Slain by Sigmund

Levels and vault maps discovered:
D:1:      dpeg_arrival_stonehenge_8_columns, layout_loops_ring,
          minmay_misc_feat_secret_circle, minmay_gold_behind_fungi
D:2:      layout_basic, nicolae_overflow_crystal_walls,
          nicolae_gozag_cash_rules_everything_around_me, first_ration,
          uniq_robin, uniq_sigmund

Skill      XL: |  1  2  3 |
---------------+----------+-----
Armour         | 4 |  4.2
Fighting       | 4 |  4.2
Shields        | 4 |  4.0
Long Blades    | 3 |  3.0
Stealth        | |  0.4

Action                   || total
-------------------------++-------
Melee: Long sword        ||    72
       Headbutt          ||    12
  Use: Potion            ||     1
Armor: Scale mail        ||    24
Dodge: Dodged            ||    16
Block: Shield            ||    33
       Rpst.: Long sword ||     4

Table legend:
 A = Non-vault XP
 B = Vault XP
 C = Vault XP percentage of total XP
 D = Non-vault monster count
 E = Vault monster count
 F = Vault count percentage of total count
                 A         B        C        D         E       F
            +---------+---------+-------+---------+---------+-------
      Total |      59 |       8 |  11.9 |      28 |       4 |  12.5
            +---------+---------+-------+---------+---------+-------
        D:1 |      24 |       0 |   0.0 |      15 |       0 |   0.0
        D:2 |      35 |       8 |  18.6 |      13 |       4 |  23.5
            +---------+---------+-------+---------+---------+-------
